AoeStats
← juanno96

Arena

508363307Analyzed
1v1 RM · 11d ago on Sep 22, 2026· 56m 30s· 2 players
Game mode
Random Map
Map size
Tiny (2 player)
Population
200
Speed
Normal
Resources
Standard
Victory
Conquest
Starting age
Dark Age
Ending age
Imperial Age
RankedLock teamsTeams togetherTeam positionsShared explorationLock speedFull tech treeHidden civsTurbo modeCheats
Victory
Defeat
🇨🇦 Huns · Canada
688
+17
🇦🇷 Aztecs · Argentina
701
-17
AdventureGuy
9:57 Feudal Age
11:14 Wheelbarrow
10:29 Horse Collar
10:40 Double-Bit Axe
18:08 Castle Age
16:48 Gold Mining
16:53 Stone Mining
19:25 Hand Cart
19:23 Bow Saw
19:16 Heavy Plow
20:45 Forging
22:11 Elite Skirmisher
22:15 Man-at-Arms
23:26 Fletching
23:59 Padded Archer Armor
25:48 Pikeman
27:11 Scale Mail Armor
30:13 Scale Barding Armor
32:45 Imperial Age
31:16 Iron Casting
30:58 Bloodlines
30:49 Husbandry
30:57 Squires
32:10 Marauders
32:33 Chain Barding Armor
32:30 Chain Mail Armor
32:11 Bodkin Arrow
32:31 Leather Archer Armor
32:51 Thumb Ring
34:33 Halberdier
35:30 Elite Tarkan
39:11 Long Swordsman
39:55 Bracer
40:58 Blast Furnace
40:34 Plate Barding Armor
44:23 Two-Handed Swordsman
juanno96
11:53 Feudal Age
10:09 Loom
13:17 Double-Bit Axe
13:19 Town Watch
14:18 Wheelbarrow
14:18 Horse Collar
15:31 Gold Mining
21:10 Castle Age
19:41 Forging
19:50 Stone Mining
19:53 Fletching
21:19 Arson
22:35 Eagle Warrior
24:46 Squires
26:40 Gold Shaft Mining
26:54 Fervor
27:48 Sanctity
28:01 Heavy Plow
30:02 Bow Saw
30:57 Treadmill Crane
32:51 Iron Casting
33:00 Stone Shaft Mining
36:15 Imperial Age
34:27 Elite Skirmisher
36:42 Hand Cart
36:54 Town Patrol
37:27 Conscription
37:37 Block Printing
38:19 Ballistics
38:37 Crop Rotation
38:49 Theocracy
38:51 Gambesons
39:15 Elite Eagle Warrior
42:19 Bodkin Arrow
44:32 Atlatl
44:15 Capped Ram
46:26 Bracer
46:27 Padded Archer Armor
47:27 Blast Furnace
46:27 Scale Mail Armor
47:20 Fortified Wall
54:46 Siege Engineers
55:28 Illumination
Connection lost

Rejoining the realm…

Still unreachable

The connection could not be restored.

Session expired

The server has moved on; the page needs a fresh start.